 Dungeon Crawl Stone Soup version 0.29.0-4-gdea44cf6ec (webtiles) character file.

Game seed: 12686224494491804598

77 qw the Ruffian (level 4, -3/35 HPs)
             Began as a Ghoul Fire Elementalist on Aug 29, 2022.
             Slain by an orc priest
             ... wielding a +1 hand axe of freezing
              (5 damage)
             ... on level 3 of the Dungeon.
             The game lasted 00:01:46 (2419 turns).

qw the Ruffian (Ghoul Fire Elementalist)            Turns: 2419, Time: 00:01:46

Health: -3/35      AC:  6    Str: 13    XL:     4   Next: 34%
Magic:  5/5        EV:  9    Int: 10    God:
Gold:   47         SH:  0    Dex:  9    Spells: 5/6 levels left

rFire   . . .      SeeInvis .     - Unarmed
rCold   + . .      Faith    .   (no shield)
rNeg    + + +      Spirit   .   i - +0 scale mail
rPois   inf        Reflect  .   (no helmet)
rElec   .          Harm     .   (no cloak)
rCorr   +          Rampage  .   (no gloves)
Will    .....                   (no boots)
Stlth   ..........              (no amulet)
HPRegen 0.00/turn               e - ring of resist corrosion
MPRegen 0.09/turn               (no ring)

@: about to teleport, inhibited regen
A: claws 1, cold resistance 1, negative energy resistance 3, inhibited
regeneration, torment resistance 2, devour on kill
a: no special abilities


You were on level 3 of the Dungeon.
You visited 1 branch of the dungeon, and saw 3 of its levels.

You collected 89 gold pieces.
You spent 42 gold pieces at shops.


Innate Abilities, Weirdness & Mutations

You are immune to poison.
You have sharp fingernails.
Your flesh is cold resistant. (rC+)
You are immune to negative energy. (rN+++)
You do not regenerate when monsters are visible.
You are immune to unholy pain and torment.
You thrive by killing the living.


   Skills:
 + Level 1.0 Fighting
 - Level 1.7 Dodging
 - Level 2.1 Stealth
 - Level 4.0 Unarmed Combat
 - Level 1.7 Spellcasting
 - Level 0.7 Conjurations
 - Level 2.4 Fire Magic


You had 5 spell levels left.
You knew the following spells:

 Your Spells              Type           Power      Damage    Failure   Level
a - Foxfire               Conj/Fire      16%        2x1d4     63%         1

Your spell library contained the following spells:

 Spells                   Type           Power      Damage    Failure   Level
 Scorch                   Fire           10%        2d5       65%         2
 Conjure Flame            Conj/Fire      4%         6-21      94%         3
 Inner Flame              Hex/Fire       3%         N/A       96%         3
 Flame Wave               Conj/Fire      4%         2d5       100%        4

Inventory:

Armour
 i - a +0 scale mail (worn)
Jewellery
 a - a ring of fire
 e - a ring of resist corrosion (left claw)
Scrolls
 d - 3 scrolls of teleportation
Potions
 b - a potion of heal wounds {unknown}
 c - a potion of lignification {unknown}
 f - a potion of ambrosia {unknown}
 h - 2 potions of curing

Dungeon Overview and Level Annotations

Branches:
Dungeon (3/15)

Altars:
Cheibriados

Shops:
D:2 !


Message History

You kill the ball python!
a - a ring of fire You now have 47 gold pieces (gained 16).
b - an amethyst potion
Found a scale mail.
Found a stone staircase leading down. 2 orc priests and 3 orcs come into view.
An orc priest is wielding a +1 hand axe of freezing.
The orc shouts!
The orc priest shouts!
The orc shouts! x2; You hear a shout!
An orc comes into view. It is wielding a +0 mace.
The orc priest moves out of view.
You closely miss the orc priest. Your claw misses the orc priest.
You closely miss the orc priest. You scratch the orc.
The orc is heavily wounded.
You scratch the orc but do no damage.
The orc is heavily wounded.
The orc closely misses you.
You scratch the orc.
The orc is severely wounded.
The orc hits you with a +0 flail.
You scratch the orc.
The orc is almost dead.
The orc hits you with a +0 flail.
You scratch the orc.
You kill the orc!
You feel better.
Your Unarmed Combat skill increases to level 4!
You barely miss the orc priest.
The orc priest mumbles some strange prayers to Beogh against you.
Beogh smites you!
You closely miss the orc priest.
The orc priest calls down the wrath of Beogh upon you.
Beogh smites you!
You hear a shout!
2419 ||| READING 4 scrolls of teleportation.
As you read the scroll of teleportation, it crumbles to dust.
You feel strangely unstable.
The orc priest hits you with a +1 hand axe of freezing.
You die...

### #.. #.# #o# #o# #o# #o#
###
##############@#........
#......>............~..~.
#.........#######.....~.~
#...........# #...~~~~~~
#.........#.### #....~~~~~~
#.........#.... #..~.~~~~~~
####[..#######.##....~~~~~7
#.....##...)......~~~._~
#...............~~~~~~~.


You could see an orc priest and 3 orcs.

Vanquished Creatures
  An iron imp (D:3)
  3 dart slugs
  An orc (D:3)
  2 endoplasms
  4 giant cockroaches
  4 goblins
  6 hobgoblins
  3 quokkas
  6 ball pythons
  A bat (D:2)
  2 frilled lizards (D:2)
  3 kobolds (D:2)
  2 rats (D:1)
38 creatures vanquished.

Vanquished Creatures (others)
  4 toadstools (D:1)
4 creatures vanquished.

Grand Total: 42 creatures vanquished

Notes
Turn   | Place    | Note
-------+----------+-------------------------------------------
     0 | D:1      | qw the Ghoul Fire Elementalist began the quest for the Orb.
     0 | D:1      | Reached XP level 1. HP: 14/14 MP: 2/2
     0 | D:1      | 0 ||| qw: Version: 0.1-a-90-g952f4b7
     0 | D:1      | 0 ||| qw: Game counter: 3867
     0 | D:1      | 0 ||| qw: Always use a shield: true
     0 | D:1      | 0 ||| qw: God list: Okawaru
     0 | D:1      | 0 ||| qw: Allow faded altars: false
     0 | D:1      | 0 ||| qw: Do Orc after D:15 true
     0 | D:1      | 0 ||| qw: Do second Lair branch before Depths: true
     0 | D:1      | 0 ||| qw: Lair rune preference: random
     0 | D:1      | 0 ||| qw: Plans: Normal
     0 | D:1      | 0 ||| PLANNING D:1-11
    46 | D:1      | Reached skill level 1 in Unarmed Combat
   188 | D:1      | Reached XP level 2. HP: 22/22 MP: 3/3
   260 | D:1      | Reached skill level 1 in Fighting
   320 | D:1      | HP: 3/23 [hobgoblin (4)]
   907 | D:1      | Reached skill level 2 in Unarmed Combat
  1276 | D:1      | 1276 ||| UPGRADING to +0 scale mail.
  1286 | D:1      | 1286 ||| DROPPING +0 robe.
  1287 | D:1      | 1287 ||| UPGRADING to ring of resist corrosion.
  1288 | D:1      | 1288 ||| READING 3 scrolls labelled WIOQOUGG ETEOM.
  1293 | D:1      | 1293 ||| READING scroll labelled ZIEKAV RAICO.
  1294 | D:1      | 1294 ||| READING scroll labelled YLUS DOR ULYSH.
  1295 | D:1      | 1295 ||| READING scroll labelled JYIRUIH MEMMIZ.
  1296 | D:1      | 1296 ||| READING scroll labelled GOUGUO JAID.
  1297 | D:1      | 1297 ||| READING scroll labelled IJARPH TOUD.
  1298 | D:1      | 1298 ||| DROPPING potion of magic.
  1314 | D:2      | Identified the +6 sling of the Threshing Wasp {vorpal, rF+
                  | rC+ Int+2 SInv}
  1449 | D:2      | Reached XP level 3. HP: 28/28 MP: 4/4
  1744 | D:2      | Found Mesea's Distillery.
  1798 | D:2      | 1798 ||| SHOPLISTING 2 potions of heal wounds (140 gold,
                  | have 65).
  1798 | D:2      | 1798 ||| BUYING potion of curing (42 gold).
  1798 | D:2      | Bought a potion of curing for 42 gold pieces
  1798 | D:2      | 1798 ||| SHOPLISTING potion of heal wounds (70 gold, have
                  | 23).
  1798 | D:2      | 1798 ||| SHOPLISTING potion of might (56 gold, have 23).
  1798 | D:2      | 1798 ||| SHOPLISTING potion of resistance (140 gold, have
                  | 23).
  1871 | D:2      | Reached skill level 3 in Unarmed Combat
  2162 | D:2      | 2162 ||| READING scroll labelled MANING KAIL.
  2163 | D:2      | 2163 ||| READING scroll labelled JOADIJIEGH.
  2212 | D:3      | Found a snail-covered altar of Cheibriados.
  2230 | D:3      | Reached XP level 4. HP: 22/35 MP: 5/5
  2336 | D:3      | 2336 ||| Stepping ~*~*~tactically~*~*~ (stealth).
  2337 | D:3      | 2337 ||| Stepping ~*~*~tactically~*~*~ (stealth).
  2354 | D:3      | Found a faded altar of an unknown god.
  2417 | D:3      | Reached skill level 4 in Unarmed Combat
  2418 | D:3      | HP: 2/35 [orc priest/divine providence (15)]
  2419 | D:3      | 2419 ||| READING 4 scrolls of teleportation.
  2419 | D:3      | Slain by an orc priest

Levels and vault maps discovered:
D:1:      ldierk_walled_garden_2, layout_loops_ring
D:2:      layout_loops_ring, serial_shops, nicolae_shop_hallway_plus,
          nrook_mini_vaults
D:3:      layout_basic, lemuel_tele_altar, slow_altar_1,
          nicolae_overflow_crystal_walls, chequers_ecumenical_altar_island

Skill      XL: |  1  2  3  4 |
---------------+-------------+-----
Unarmed Combat | 1 2 3 4 |  4.0
Fighting       | 1 |  1.0
Dodging        | |  1.7
Stealth        | |  2.1
Spellcasting   | |  1.7
Conjurations   | |  0.7
Fire Magic     | |  2.4

Action                   |  1- 3 |  4- 6 || total
-------------------------+-------+-------++-------
Melee: Unarmed           |   145 |    11 ||   156
       Punch             |     1 |       ||     1
  Use: Scroll            |     8 |     1 ||     9
Armor: Robe              |     6 |       ||     6
       Scale mail        |    20 |     1 ||    21
Dodge: Dodged            |    60 |     1 ||    61

Table legend:
 A = Non-vault XP
 B = Vault XP
 C = Vault XP percentage of total XP
 D = Non-vault monster count
 E = Vault monster count
 F = Vault count percentage of total count
                 A         B        C        D         E       F
            +---------+---------+-------+---------+---------+-------
      Total |      68 |      43 |  38.7 |      37 |       1 |   2.6
            +---------+---------+-------+---------+---------+-------
        D:1 |      29 |       0 |   0.0 |      15 |       0 |   0.0
        D:2 |      32 |       0 |   0.0 |      19 |       0 |   0.0
        D:3 |       7 |      43 |  86.0 |       3 |       1 |  25.0
            +---------+---------+-------+---------+---------+-------
